Map: Línea Aguablanca EE

Players

YOX

  • Race: Protoss Protoss
  • Spawn Location: 7:00

Gibby

  • Race: Protoss Protoss
  • Spawn Location: 7:00

TAZZ

  • Race: Protoss Protoss
  • Spawn Location: 6:00

MrFercho

  • Race: Zerg Zerg
  • League: Silver
  • Spawn Location: 1:00

tigro

  • Race: Terran Terran
  • League: Bronze
  • Spawn Location: 12:00

TATORREA

  • Race: Protoss Protoss
  • League: Gold
  • Spawn Location: 1:00

VOD

Have the link to the VOD?

Description

Time

  • Played on: July 4, 2020, 11:11 p.m.
  • Length: 30:51
Show
View Real Time Build Order
Export as new Build Order

YOX Protoss 

Build Orders:  

Get SALT Encoding   

  1  0:00  Probe  
  12  0:06  Probe  
  14  0:18  Pylon  
  14  0:21  Probe  
  15  0:36  Probe  
  15  0:39  Gateway  
  16  0:49  Assimilator  
  16  0:51  Probe  
  17  1:00  Probe  
  17  1:01  Assimilator  
  18  1:08  Probe  
  19  1:29  Cybernetics Core  
  19  1:34  Gateway  
  19  1:39  Forge  
  19  1:43  Gateway  
  19  1:52  Pylon  
  19  2:01  Pylon  
  19  2:12  Probe  
  20  2:24  Probe  
  20  2:26  Twilight Council  
  20  2:27  Protoss Ground Weapons Level 1  
  21  2:30  Zealot  
  23  2:43  Probe  
  24  2:52  Charge  
  24  2:55  Probe, Zealot x2  
  29  3:12  Pylon  
  29  3:18  Pylon  
  29  3:23  Zealot  
  29  3:24  Zealot  
  33  3:31  Zealot  
  35  3:50  Zealot  
  35  3:51  Zealot  
  39  3:58  Zealot  
  41  4:17  Zealot  
  41  4:19  Zealot  
  45  4:25  Zealot  
  47  4:44  Stargate  
  47  4:49  Stargate  
  47  4:58  Robotics Facility  
  47  5:31  Void Ray  
  47  5:32  Cybernetics Core  
  47  5:33  Void Ray  
  55  5:38  Pylon  
  55  5:44  Pylon  
  55  5:57  Observer  
  56  6:06  Protoss Shields Level 1  
  56  6:25  Protoss Air Weapons Level 1, Protoss Air Armor Level 1  
  52  6:45  Void Ray x2  
  44  7:31  Stargate  
  44  7:36  Stargate  
  38  7:40  Stargate  
  38  7:44  Stargate  
  38  7:47  Void Ray  
  38  7:48  Void Ray  
  46  8:04  Pylon  
  46  8:14  Observer  
  46  8:15  Fleet Beacon  
  47  8:24  Robotics Bay  
  47  8:31  Void Ray  
  47  8:32  Void Ray x2  
  47  8:33  Void Ray  
  63  8:47  Observer  
  58  9:03  Pylon  
  58  9:04  Pylon  
  58  9:06  Pylon  
  58  9:07  Pylon  
  58  9:11  Void Ray  
  58  9:16  Protoss Air Weapons Level 2  
  62  9:17  Protoss Air Armor Level 2  
  62  9:18  Protoss Shields Level 2  
  62  9:23  Unknown  
  62  9:25  Gravitic Boosters  
  62  9:36  Void Ray  
  62  9:37  Void Ray  
  70  10:09  Void Ray  
  70  10:10  Void Ray x2  
  82  10:50  Void Ray  
  82  10:51  Void Ray  
  66  11:32  Void Ray x3  
  78  11:33  Void Ray  
  82  11:52  Protoss Shields Level 3  
  82  11:59  Protoss Air Weapons Level 3  
  82  12:10  Protoss Air Armor Level 3  
  82  12:12  Void Ray x2  
  90  12:19  Observer  
  91  12:35  Void Ray  
  91  12:36  Void Ray x3  
  107  12:41  Observer  
  108  12:59  Void Ray  
  108  13:12  Void Ray  
  108  13:18  Void Ray x2  
  108  13:19  Void Ray  
  100  13:45  Void Ray x2  
  100  13:54  Void Ray  
  104  14:01  Void Ray x2  
  104  14:21  Void Ray  
  104  14:28  Void Ray  
  108  14:35  Pylon  
  108  14:36  Pylon  
  108  14:38  Pylon  
  108  14:40  Pylon  
  108  14:42  Pylon  
  108  14:43  Pylon  
  108  14:53  Void Ray x2  
  96  15:36  Observer  
  97  15:58  Observer  
  98  16:07  Void Ray x3  
  98  16:08  Void Ray x3  
  122  16:19  Observer  
  111  16:50  Void Ray x4  
  111  16:51  Void Ray x2  
  96  17:33  Void Ray  
  80  19:55  Probe  
  45  22:14  Void Ray x2  
  45  22:15  Void Ray x2  
  53  22:54  Photon Cannon  
  53  22:57  Void Ray x2  
  61  23:09  Photon Cannon  
  53  23:14  Pylon  
  53  23:19  Pylon  
  41  23:25  Pylon  
  41  23:26  Pylon  
  41  23:28  Pylon  
  41  23:37  Pylon  
  41  23:39  Pylon  
  41  23:41  Pylon  
  41  23:43  Void Ray, Pylon x2  
  41  23:44  Void Ray x3  
  41  23:45  Pylon x2  
  53  23:56  Void Ray  
  45  24:12  Probe  
  46  24:26  Void Ray x2  
  46  24:27  Void Ray  
  46  24:28  Void Ray x2  
  58  25:00  Pylon  
  58  25:01  Pylon  
  58  25:02  Pylon  
  58  25:05  Void Ray  
  62  25:31  Void Ray x4  
  62  25:32  Void Ray  
  82  25:48  Stargate  
  82  25:52  Stargate  
  82  25:53  Stargate  
  82  25:55  Stargate  
  66  25:57  Stargate  
  66  26:01  Stargate  
  66  26:03  Stargate  
  66  26:05  Stargate  
  66  26:28  Void Ray  
  66  26:29  Void Ray x2  
  66  26:31  Void Ray  
  82  26:33  Void Ray  
  82  26:36  Void Ray  
  82  26:37  Void Ray  
  82  26:39  Void Ray x2  
  98  26:40  Void Ray  
  98  26:41  Void Ray  
  98  26:46  Void Ray  
  114  26:47  Void Ray  
  114  26:49  Void Ray  
  122  27:11  Void Ray x2  
  118  28:56  Void Ray  
  118  28:57  Void Ray x4  
Show
View Real Time Build Order
Export as new Build Order

Gibby Protoss 

Build Orders:  

Get SALT Encoding   

  1  0:00  Probe  
  12  0:05  Probe  
  14  0:21  Pylon  
  14  0:23  Probe  
  15  0:39  Probe  
  15  0:42  Gateway  
  16  0:49  Assimilator  
  16  0:51  Probe  
  17  1:04  Gateway  
  17  1:05  Probe  
  18  1:14  Probe  
  18  1:15  Pylon  
  19  1:22  Probe  
  19  1:32  Cybernetics Core  
  20  1:34  Zealot  
  22  1:56  Zealot  
  24  2:04  Gateway, Zealot  
  26  2:10  Twilight Council  
  26  2:15  Pylon  
  26  2:26  Zealot  
  28  2:34  Zealot  
  28  2:37  Charge  
  30  2:39  Pylon  
  30  2:53  Zealot x2  
  34  3:01  Zealot  
  36  3:20  Zealot  
  36  3:24  Zealot  
  36  3:26  Pylon  
  40  3:28  Zealot  
  42  3:40  Pylon  
  42  3:47  Zealot  
  44  3:51  Zealot  
  46  3:57  Zealot  
  48  4:14  Zealot  
  50  4:18  Zealot  
  50  4:20  Forge  
  52  4:46  Zealot x3  
  58  4:53  Protoss Ground Weapons Level 1  
  58  5:13  Zealot  
  42  7:01  Protoss Ground Armor Level 1  
  28  8:09  Probe  
  29  8:18  Nexus  
  29  8:24  Pylon  
  29  8:28  Nexus  
  29  8:31  Assimilator  
  29  8:35  Assimilator  
  25  9:02  Photon Cannon x2  
  21  9:04  Photon Cannon  
  21  9:18  Assimilator  
  21  9:21  Assimilator  
  21  9:27  Probe  
  22  9:39  Probe  
  22  9:42  Probe  
  24  9:47  Probe  
  24  9:51  Probe  
  26  9:54  Probe  
  26  9:59  Probe  
  28  10:06  Probe  
  29  10:11  Probe  
  30  10:18  Probe  
  31  10:23  Probe  
  32  10:30  Probe  
  32  10:35  Probe  
  34  10:42  Probe  
  35  10:47  Probe  
  36  10:54  Probe  
  36  10:57  Probe  
  37  11:02  Probe  
  38  11:05  Probe  
  38  11:10  Probe  
  40  11:13  Probe  
  42  11:21  Probe x2  
  43  11:30  Probe  
  44  11:33  Probe  
  46  11:41  Probe  
  46  11:45  Probe  
  48  11:53  Probe  
  49  12:05  Probe  
  50  12:14  Probe  
  50  12:15  Nexus  
  50  12:18  Assimilator  
  50  12:20  Assimilator  
  51  12:23  Probe  
  52  12:34  Probe  
  53  12:46  Probe  
  53  12:51  Nexus  
  54  12:53  Assimilator, Probe  
  54  12:56  Assimilator  
  55  12:58  Probe  
  55  13:04  Probe  
  55  13:05  Probe  
  58  13:11  Probe  
  54  13:17  Probe  
  49  13:23  Probe  
  50  13:35  Probe  
  51  13:52  Zealot x2  
  55  14:20  Zealot  
  57  14:29  Probe  
  58  14:31  Nexus  
  58  14:32  Probe  
  58  14:36  Probe  
  60  14:41  Probe  
  60  14:44  Probe  
  62  14:48  Probe  
  59  14:53  Probe  
  59  14:57  Probe  
  61  15:00  Probe  
  61  15:05  Probe  
  61  15:09  Probe  
  61  15:12  Probe  
  63  15:17  Probe  
  63  15:21  Probe  
  65  15:24  Probe  
  66  15:36  Probe  
  67  15:49  Probe  
  68  15:52  Pylon  
  68  16:17  Photon Cannon  
  68  16:19  Photon Cannon  
  68  16:21  Photon Cannon  
  68  16:22  Photon Cannon  
  68  16:23  Probe  
  68  16:25  Assimilator  
  69  16:29  Assimilator  
  69  16:30  Probe  
  70  16:34  Probe  
  70  16:35  Probe  
  70  16:39  Probe  
  73  16:42  Probe  
  73  16:46  Probe  
  75  16:47  Probe  
  75  16:50  Probe  
  75  16:51  Probe  
  78  16:58  Probe x2  
  78  16:59  Probe  
  80  17:04  Probe  
  82  17:08  Probe  
  82  17:11  Probe  
  83  17:16  Probe  
  83  17:20  Probe  
  84  17:23  Probe  
  84  17:28  Probe  
  85  17:35  Probe  
  86  18:13  Pylon  
  86  18:17  Probe  
  86  18:18  Pylon  
  87  18:29  Probe  
  88  18:37  Photon Cannon  
  88  18:41  Probe  
  88  18:42  Photon Cannon  
  88  18:46  Photon Cannon  
  89  18:50  Pylon  
  89  18:53  Probe  
  90  19:02  Probe  
  91  19:23  Pylon  
  91  19:27  Pylon  
  91  19:33  Pylon  
  91  19:39  Photon Cannon  
  91  19:40  Photon Cannon x2  
  91  19:50  Photon Cannon  
  91  19:51  Photon Cannon  
  91  19:52  Photon Cannon  
  91  19:54  Photon Cannon  
  91  19:56  Photon Cannon  
  91  19:59  Photon Cannon  
  91  20:01  Photon Cannon  
  91  20:06  Photon Cannon, Probe  
  92  20:09  Photon Cannon  
  92  20:18  Probe  
  82  20:26  Pylon  
  78  20:30  Probe  
  62  20:42  Probe  
  55  20:54  Probe  
  55  21:12  Pylon  
  55  21:20  Forge  
  55  21:57  Photon Cannon  
  55  21:59  Photon Cannon  
  55  22:01  Photon Cannon  
  55  22:02  Photon Cannon  
  55  22:03  Photon Cannon  
  55  22:04  Photon Cannon  
  55  22:06  Photon Cannon  
  55  22:09  Photon Cannon x2  
  55  22:10  Photon Cannon  
  55  22:12  Photon Cannon  
  55  22:14  Photon Cannon  
  55  22:15  Photon Cannon  
  55  22:18  Cybernetics Core  
  55  22:19  Pylon  
  55  22:22  Pylon  
  55  22:24  Photon Cannon x2, Pylon  
  55  22:29  Photon Cannon x2  
  31  23:48  Stargate  
  31  23:49  Stargate  
  31  23:51  Stargate  
  31  23:54  Stargate  
  31  23:56  Stargate  
  31  24:00  Stargate x2  
  31  24:02  Protoss Air Weapons Level 1  
  31  24:06  Stargate  
  31  24:08  Stargate  
  31  24:13  Cybernetics Core  
  31  24:15  Protoss Shields Level 1  
  31  24:26  Pylon  
  31  24:29  Photon Cannon  
  31  24:32  Photon Cannon  
  31  24:33  Photon Cannon  
  31  24:34  Void Ray  
  31  24:35  Void Ray  
  31  24:36  Void Ray  
  43  24:39  Void Ray  
  43  24:40  Void Ray  
  43  24:43  Void Ray  
  43  24:44  Void Ray  
  59  24:49  Void Ray  
  59  24:52  Void Ray  
  67  25:02  Fleet Beacon  
  67  25:04  Photon Cannon  
  67  25:07  Photon Cannon x2  
  67  25:08  Photon Cannon  
  67  25:10  Photon Cannon  
  67  25:12  Photon Cannon  
  67  25:13  Photon Cannon  
  67  25:15  Photon Cannon  
  67  25:16  Photon Cannon  
  67  25:17  Void Ray  
  67  25:18  Void Ray  
  67  25:19  Void Ray  
  79  25:22  Void Ray  
  79  25:23  Protoss Air Armor Level 1  
  82  25:41  Void Ray  
  82  25:42  Void Ray x4  
  101  26:02  Void Ray  
  105  26:06  Void Ray  
  109  28:50  Void Ray x2  
  117  29:59  Void Ray  
  117  30:00  Void Ray  
  113  30:38  Nexus  
  113  30:40  Assimilator  
  113  30:42  Assimilator  
Show
View Real Time Build Order
Export as new Build Order

TAZZ Protoss 

Build Orders:  

Get SALT Encoding   

  1  0:00  Probe  
  12  0:05  Probe  
  14  0:21  Pylon  
  14  0:23  Probe  
  15  0:39  Probe  
  16  0:43  Gateway  
  16  0:47  Assimilator  
  16  0:51  Probe  
  17  0:59  Probe  
  18  1:07  Probe  
  18  1:11  Pylon  
  18  1:17  Probe  
  19  1:22  Forge  
  20  1:41  Assimilator  
  20  1:50  Cybernetics Core  
  20  1:55  Pylon  
  20  1:59  Pylon  
  20  2:02  Probe  
  21  2:11  Probe  
  22  2:19  Probe  
  22  2:29  Twilight Council  
  23  2:34  Gateway  
  23  2:41  Gateway  
  23  2:45  Probe  
  24  2:57  Probe  
  25  3:02  Zealot  
  25  3:03  Photon Cannon  
  27  3:13  Photon Cannon  
  27  3:21  Charge, Photon Cannon  
  27  3:27  Zealot  
  29  3:34  Protoss Ground Weapons Level 1  
  29  3:50  Zealot  
  29  3:51  Zealot  
  33  3:56  Zealot  
  35  4:17  Zealot  
  35  4:18  Zealot  
  35  4:23  Zealot  
  41  4:55  Zealot x3  
  47  5:19  Pylon  
  47  5:22  Pylon  
  47  5:26  Pylon  
  47  5:32  Pylon  
  41  6:07  Pylon  
  41  6:28  Photon Cannon  
  41  6:31  Photon Cannon  
  41  6:36  Photon Cannon  
  41  6:40  Photon Cannon  
  41  6:44  Photon Cannon  
  41  6:45  Photon Cannon  
  41  6:46  Photon Cannon  
  39  6:48  Photon Cannon  
  39  6:51  Photon Cannon  
  39  6:52  Photon Cannon  
  37  6:58  Pylon  
  37  7:14  Photon Cannon  
  37  7:21  Photon Cannon  
  37  7:29  Pylon  
  31  7:59  Nexus  
  31  8:04  Assimilator  
  31  8:11  Assimilator  
  31  8:39  Photon Cannon  
  31  8:43  Photon Cannon  
  24  9:21  Probe  
  24  9:30  Probe  
  26  9:40  Probe  
  27  9:52  Probe  
  28  10:04  Probe  
  29  10:16  Probe  
  30  10:26  Probe  
  30  10:27  Probe  
  30  10:34  Probe  
  30  10:35  Probe  
  34  10:45  Probe  
  34  10:47  Probe  
  37  10:57  Probe  
  37  10:59  Probe  
  38  15:15  Photon Cannon  
  38  15:19  Photon Cannon  
  38  15:23  Photon Cannon  
  38  15:25  Photon Cannon  
  38  15:32  Pylon  
  38  15:37  Pylon  
  38  15:44  Pylon  
  38  15:56  Nexus  
  38  15:59  Assimilator  
  38  16:00  Pylon  
  38  16:02  Assimilator  
  38  16:04  Pylon  
  38  16:09  Pylon  
  38  16:15  Photon Cannon  
  38  16:19  Photon Cannon  
  38  17:09  Photon Cannon  
  38  17:12  Photon Cannon  
  38  17:22  Photon Cannon  
  38  17:26  Photon Cannon  
  37  18:31  Pylon  
  37  18:36  Pylon  
  37  18:44  Photon Cannon  
  37  18:46  Photon Cannon  
  37  19:03  Probe  
  38  19:11  Probe  
  39  19:22  Probe  
  40  19:34  Probe  
  41  19:46  Probe  
  20  23:24  Nexus  
  20  23:30  Assimilator  
  20  23:33  Assimilator  
  20  24:31  Nexus  
  20  24:34  Assimilator  
  20  24:37  Assimilator  
  15  25:03  Probe, Nexus  
  15  25:04  Probe  
  15  25:06  Assimilator  
  16  25:10  Assimilator  
  16  25:12  Probe  
  16  25:14  Zealot x3  
  21  25:16  Probe  
  25  25:23  Probe  
  25  25:28  Probe  
  27  25:35  Probe  
  28  25:40  Probe  
  28  25:41  Zealot x3  
  35  25:47  Probe  
  36  25:52  Probe  
  36  26:08  Zealot x3  
  42  26:14  Probe  
  42  26:17  Probe  
  43  26:22  Probe  
  44  26:26  Probe  
  44  26:32  Probe  
  46  26:35  Zealot  
  50  26:44  Probe  
  33  26:56  Probe  
  34  27:07  Pylon x2  
  34  27:09  Pylon  
  34  27:11  Pylon  
  34  27:12  Pylon  
  34  27:14  Pylon  
  25  27:30  Probe  
  14  27:38  Probe  
  15  27:46  Probe  
  16  27:54  Probe  
  17  28:03  Probe  
  18  28:15  Probe  
  19  28:27  Probe  
  20  28:44  Nexus  
  20  28:57  Probe  
  21  29:05  Probe  
  22  29:16  Probe  
  23  29:28  Probe  
  24  29:33  Pylon  
  24  29:38  Probe  
  24  29:39  Pylon  
  25  29:46  Probe  
  26  29:54  Probe  
  26  29:56  Probe  
  28  30:04  Probe  
  28  30:06  Probe  
  29  30:13  Probe  
  30  30:18  Probe  
  32  30:23  Photon Cannon  
  32  30:24  Photon Cannon  
  32  30:25  Probe  
  33  30:29  Photon Cannon  
Show
View Real Time Build Order
Export as new Build Order

MrFercho Zerg 

Build Orders: Pool First 

Get SALT Encoding   

  12  0:01  Drone  
  13  0:13  Overlord  
  13  0:18  Drone  
  14  0:31  Drone x2  
  16  0:45  Drone  
  16  0:48  Spawning Pool  
  16  1:00  Drone x2  
  18  1:07  Drone  
  19  1:25  Extractor, Drone  
  19  1:35  Hatchery  
  19  1:36  Drone  
  19  1:41  Drone  
  20  1:50  Drone  
  21  2:01  Overlord  
  21  2:08  Extractor, Queen  
  22  2:15  Overlord  
  22  2:22  Drone  
  23  2:34  Drone  
  24  2:45  Drone  
  24  2:48  Queen  
  29  2:59  Lair  
  29  3:02  Drone x2  
  29  3:03  Drone  
  29  3:05  Drone  
  31  3:22  Drone  
  31  3:23  Evolution Chamber, Drone x2  
  33  3:32  Drone x4  
  37  3:37  Drone  
  38  3:42  Metabolic Boost  
  38  3:44  Drone  
  39  3:54  Drone x2  
  41  3:56  Zerg Missile Weapons Level 1  
  41  4:00  Drone x3  
  41  4:01  Hydralisk Den, Drone  
  44  4:07  Overlord  
  44  4:23  Overlord x4  
  44  4:24  Overlord, Infestation Pit  
  43  4:28  Drone  
  44  4:36  Extractor  
  44  4:37  Extractor  
  44  4:38  Drone x4  
  46  4:46  Drone x2  
  48  4:52  Grooved Spines  
  48  4:54  Drone x4  
  48  4:56  Hatchery  
  51  5:02  Evolution Chamber  
  51  5:03  Hive  
  51  5:04  Drone  
  51  5:18  Drone x8  
  59  5:34  Hydralisk x2  
  62  5:44  Hydralisk x2  
  62  5:45  Lurker Den  
  65  5:59  Spine Crawler  
  65  6:02  Spine Crawler  
  65  6:03  Hydralisk x4  
  65  6:04  Muscular Augments, Spine Crawler, Hydralisk  
  71  6:06  Spine Crawler  
  71  6:20  Hydralisk x3  
  75  6:45  Lurker x3  
  78  6:50  Hydralisk  
  74  7:32  Spine Crawler  
  74  7:33  Spine Crawler  
  74  7:34  Hydralisk  
  74  7:35  Hydralisk x7  
  88  7:48  Hydralisk  
  88  7:50  Overlord x3  
  88  7:51  Overlord x2  
  90  8:02  Overlord  
  90  8:03  Overlord x2  
  90  8:06  Zerg Missile Weapons Level 2, Zerg Ground Armor Level 1  
  90  8:13  Extractor  
  90  8:15  Extractor  
  88  8:30  Zergling x4  
  88  8:31  Zergling x10  
  75  8:54  Hydralisk x10  
  87  8:58  Queen  
  87  9:07  Spine Crawler  
  86  9:22  Hydralisk x6  
  98  9:32  Drone x6  
  98  9:38  Seismic Spines  
  104  10:05  Hatchery  
  103  10:10  Zergling x20  
  113  10:18  Nydus Network, Overseer  
  112  10:33  Hydralisk x8  
  112  10:35  Adaptive Talons  
  128  10:47  Hatchery  
  127  10:51  Zerg Ground Armor Level 2  
  110  11:13  Hydralisk  
  110  11:14  Hydralisk x5  
  104  11:36  Hydralisk x4  
  108  12:04  Spore Crawler  
  108  12:05  Spore Crawler  
  108  12:08  Spore Crawler  
  105  12:12  Overlord x7, Overseer  
  105  12:13  Overlord x2  
  105  12:50  Nydus Canal  
  104  13:13  Hydralisk  
  104  13:14  Hydralisk x8  
  119  13:32  Hydralisk x3  
  87  14:05  Hydralisk x4  
  87  14:07  Overlord x4  
  87  14:08  Overlord  
  89  14:17  Zerg Missile Weapons Level 3  
  89  14:30  Spore Crawler  
  88  14:34  Spore Crawler  
  87  14:41  Nydus Canal  
  71  15:15  Hydralisk x7  
  71  15:16  Hydralisk x9  
  71  15:19  Overlord  
  71  15:20  Overlord x4  
  92  15:23  Queen, Overseer  
  91  15:55  Overlord x2  
  91  15:56  Overlord x4  
  91  15:57  Overlord x2  
  91  16:30  Zergling x16  
  91  16:31  Zergling x8  
  103  16:44  Nydus Canal  
  103  16:56  Queen  
  87  17:28  Hydralisk  
  87  17:29  Hydralisk x17  
  96  17:56  Extractor  
  96  17:58  Extractor, Drone  
  87  17:59  Drone x8  
  87  18:10  Overseer  
  87  18:13  Overseer  
  87  18:20  Hydralisk  
  87  18:21  Hydralisk x6  
  101  18:30  Zerg Ground Armor Level 3  
  101  18:36  Spire  
  95  18:46  Hydralisk x2  
  95  18:47  Hydralisk x3  
  101  19:07  Hydralisk x3  
  97  19:31  Hydralisk x4  
  97  19:32  Hydralisk  
  107  19:56  Nydus Canal  
  107  19:58  Hydralisk  
  107  19:59  Hydralisk x4  
  109  20:04  Zergling x8  
  109  20:05  Zergling x10  
  110  20:17  Hydralisk x4  
  110  20:50  Hydralisk x12  
  118  20:58  Spore Crawler  
  118  21:01  Spore Crawler  
  118  21:03  Spore Crawler  
  113  21:14  Hydralisk x4  
  113  21:15  Hydralisk x2  
  96  21:47  Corruptor x3  
  75  22:16  Hydralisk  
  75  22:17  Hydralisk x5  
  83  22:26  Lair  
  75  22:50  Overlord x6  
  75  23:02  Hatchery  
  74  23:11  Hatchery  
  74  23:12  Hatchery  
  62  23:41  Zergling x12  
  58  24:08  Hydralisk x4  
  54  24:32  Queen  
  48  24:49  Hydralisk x4  
  48  24:50  Hydralisk x9  
  71  25:09  Hydralisk x6  
  79  25:30  Overseer  
  79  25:37  Hydralisk x2  
  79  25:41  Spore Crawler  
  78  26:09  Hydralisk x3  
  84  27:00  Hydralisk  
  84  27:01  Hydralisk x3  
  90  27:25  Hatchery  
  90  27:28  Extractor x2  
  87  27:30  Hydralisk x7  
  65  27:50  Hydralisk x2  
  65  28:09  Hydralisk  
  59  28:32  Hydralisk  
  59  28:33  Hydralisk  
  43  28:51  Hydralisk  
  43  28:53  Hydralisk  
  43  29:06  Hydralisk Den  
  42  29:41  Hydralisk x6  
  42  29:42  Hydralisk  
  40  30:16  Hydralisk x3  
  40  30:17  Hydralisk x2  
  40  30:24  Hydralisk  
  40  30:27  Hydralisk  
Show
View Real Time Build Order
Export as new Build Order

tigro Terran 

Build Orders:  

Get SALT Encoding   

  12  0:02  SCV  
  13  0:14  SCV  
  14  0:25  Supply Depot  
  14  0:26  SCV  
  15  0:36  Refinery  
  15  0:47  SCV  
  16  0:55  Supply Depot  
  16  1:01  Barracks  
  16  1:02  SCV  
  17  1:14  SCV  
  18  1:25  Refinery  
  18  1:26  SCV  
  19  1:38  SCV  
  20  1:47  Engineering Bay  
  20  1:50  SCV  
  20  1:51  Barracks Reactor, Barracks  
  21  2:02  SCV  
  22  2:15  SCV  
  23  2:25  Factory  
  23  2:27  SCV  
  24  2:32  Marine x2  
  26  2:41  Barracks Tech Lab  
  26  2:47  Orbital Command  
  26  2:50  Marine x2  
  28  3:08  Marine x2  
  28  3:11  Factory Tech Lab  
  30  3:26  Command Center  
  30  3:32  Siege Tank  
  33  3:35  Terran Infantry Weapons Level 1  
  33  3:59  Combat Shield  
  33  4:02  Refinery  
  33  4:35  Starport  
  33  4:38  SCV  
  34  4:40  Refinery  
  34  4:50  SCV  
  35  5:02  SCV  
  36  5:13  Medivac  
  38  5:14  SCV  
  38  5:15  Starport  
  38  5:18  Stimpack  
  39  5:26  SCV  
  40  5:30  Terran Infantry Armor Level 1  
  40  5:35  Marine  
  40  5:36  Marine x2  
  40  5:38  SCV  
  38  5:51  SCV  
  38  5:53  Marine x2  
  38  5:54  Marine, Starport Tech Lab  
  38  5:56  Starport Tech Lab  
  36  6:07  Planetary Fortress  
  33  6:11  Marine x3  
  33  6:29  Marine x3  
  6  6:47  Marine x3  
  9  7:04  Marine  
  9  7:05  Marine x2  
  11  7:22  Marine x2  
  11  7:23  Marine  
  11  7:24  Hi-Sec Auto Tracking  
  11  7:40  Marine  
  11  7:43  SCV  
  13  7:55  SCV x2  
  15  8:06  Marine  
  15  8:07  SCV x2  
  18  8:19  SCV x2  
  20  8:31  SCV x2  
  20  8:32  Supply Depot  
  22  8:43  SCV x2  
  24  8:50  Siege Tank  
  24  8:54  Marine x3  
  30  9:32  SCV  
  30  9:35  SCV  
  32  9:44  SCV  
  33  9:47  SCV  
  34  9:54  Fusion Core  
  34  9:56  SCV  
  34  9:59  SCV  
  36  10:08  SCV  
  36  10:11  SCV  
  38  10:20  SCV  
  39  10:23  SCV  
  40  10:32  SCV  
  41  10:36  SCV  
  42  10:44  SCV  
  42  10:47  Armory  
  42  10:48  SCV  
  44  11:00  SCV  
  45  11:07  Marine x3  
  48  11:12  SCV  
  49  11:25  Marine x3, SCV  
  50  11:43  Marine x3  
  50  11:45  Medivac  
  50  11:46  Medivac  
  57  12:01  Marine x3  
  58  12:04  Missile Turret  
  60  12:19  Marine  
  61  12:23  Missile Turret  
  61  12:45  Missile Turret  
  61  13:05  Missile Turret  
  51  13:14  Marine x3  
  40  13:26  Missile Turret  
  34  13:32  Marine x3  
  37  13:48  Terran Infantry Weapons Level 2  
  37  13:50  Marine x3  
  40  13:58  Missile Turret  
  40  14:08  Medivac x2, Marine x3  
  45  14:20  Missile Turret  
  43  14:26  Marine x3  
  46  14:44  Marine  
  47  14:53  Marine  
  47  14:54  Marine  
  49  15:01  Marine  
  49  15:02  Viking x2  
  54  15:11  Marine x2  
  56  15:19  Marine  
  57  15:29  Marine x2  
  57  15:32  Viking  
  57  15:33  Weapon Refit  
  57  15:35  Terran Vehicle Weapons Level 1  
  61  15:37  Marine  
  62  16:03  Terran Infantry Armor Level 2  
  62  16:05  Supply Depot  
  62  16:11  Command Center  
  62  16:27  Marine x3, Siege Tank  
  62  16:28  Supply Depot  
  58  16:44  Marine x3  
  40  16:50  Viking  
  40  16:51  Viking  
  44  17:02  Marine x3  
  47  17:20  Viking, Marine x3  
  47  17:21  Viking  
  54  17:29  Terran Vehicle And Ship Armor Level 1  
  48  17:38  Marine x3  
  51  17:50  Viking  
  51  17:51  Viking  
  55  17:53  Hyperflight Rotors  
  55  17:56  Marine x3  
  58  18:01  Rapid Reignition System  
  58  18:13  Marine x3, Refinery  
  58  18:14  SCV  
  58  18:19  Terran Infantry Weapons Level 3  
  62  18:20  Viking  
  62  18:21  Viking  
  62  18:26  SCV  
  67  18:31  Marine  
  68  18:38  SCV  
  52  18:50  Viking  
  35  18:57  Advanced Ballistics  
  17  19:18  Viking  
  17  19:21  Viking  
  13  19:48  Viking  
  13  19:51  Viking  
  17  19:54  Cloaking Field  
  17  20:21  Viking  
  11  20:55  Orbital Command  
  11  20:56  Neosteel Armor  
  11  21:08  Missile Turret  
  11  21:12  Corvid Reactor  
  11  21:17  Fusion Core  
  11  21:34  Armory  
  11  21:53  Viking  
  13  22:24  SCV  
  14  22:33  Starport Tech Lab  
  14  22:36  SCV  
  15  22:49  SCV  
  16  22:54  Refinery, Missile Turret  
  16  23:01  SCV, Refinery  
  17  23:13  SCV  
  17  23:14  Missile Turret  
  18  23:25  Refinery, SCV  
  19  23:30  Marine  
  20  23:35  Missile Turret  
  20  23:37  SCV  
  21  23:55  Refinery  
  21  23:56  Missile Turret  
  21  24:03  Marine x2  
  23  24:27  Marine x3  
  26  24:36  SCV  
  27  24:44  Marine  
  27  24:45  Marine  
  29  24:48  Marine  
  30  25:02  Marine  
  30  25:03  Marine  
  30  25:05  Marine  
  33  25:20  Marine x2  
  35  25:23  Marine  
  36  25:29  Medivac  
  38  25:38  Marine x2  
  24  26:22  SCV  
  25  26:33  Marine x3  
  25  26:34  SCV  
  29  26:46  SCV  
  30  26:50  Marine  
  30  26:51  Marine  
  25  26:56  Marine  
  25  26:58  SCV  
  27  27:08  Marine x2  
  27  27:10  SCV  
  27  27:14  Marine  
  31  27:26  Marine  
  32  27:30  Viking  
  36  27:45  Marine x3  
  29  28:03  Marine  
  3  30:05  Command Center  
  2  30:48  Command Center  
Show
View Real Time Build Order
Export as new Build Order

TATORREA Protoss 

Build Orders:  

Get SALT Encoding   

  12  0:01  Probe  
  13  0:13  Probe  
  14  0:25  Pylon, Probe  
  15  0:43  Probe  
  15  0:44  Gateway  
  16  0:54  Probe  
  17  1:00  Assimilator  
  17  1:03  Probe  
  17  1:05  Pylon  
  17  1:11  Probe  
  19  1:20  Assimilator  
  19  1:22  Probe  
  20  1:31  Gateway  
  19  1:34  Probe  
  20  1:46  Probe  
  21  1:55  Cybernetics Core  
  21  1:58  Probe  
  22  2:10  Probe  
  23  2:15  Nexus  
  23  2:22  Probe  
  24  2:35  Warp Gate  
  24  2:37  Stalker  
  24  2:38  Stalker  
  24  2:40  Probe  
  29  2:52  Probe  
  29  2:56  Robotics Facility  
  30  3:04  Probe  
  31  3:20  Pylon  
  31  3:27  Stalker, Sentry  
  31  3:29  Probe  
  31  3:30  Probe  
  37  3:42  Probe  
  37  3:44  Pylon  
  37  3:45  Probe  
  39  3:51  Observer  
  39  3:53  Stalker  
  39  3:55  Probe  
  43  3:57  Sentry, Probe  
  46  4:07  Probe  
  47  4:14  Twilight Council, Probe  
  48  4:19  Assimilator  
  48  4:20  Probe  
  48  4:21  Assimilator  
  49  4:26  Probe  
  50  4:33  Nexus  
  50  4:36  Pylon  
  50  4:39  Probe x2  
  52  4:51  Probe x2  
  54  5:00  Pylon  
  54  5:03  Probe  
  55  5:09  Immortal  
  55  5:11  Pylon  
  55  5:12  Probe  
  60  5:14  Pylon  
  60  5:16  Probe  
  61  5:26  Stalker  
  61  5:27  Stalker  
  66  5:28  Probe  
  66  5:29  Probe  
  28  5:59  Stalker x2  
  31  6:06  Probe x2  
  31  6:07  Probe  
  8  6:29  Probe  
  7  6:40  Probe  
  6  6:54  Probe  
  7  7:06  Probe  
  8  7:14  Probe  
  8  7:27  Probe  
  8  7:31  Probe  
  9  7:40  Probe  
  10  7:48  Probe  
  11  7:55  Probe  
  12  8:01  Probe  
  13  8:08  Probe  
  14  8:14  Probe  
  15  8:20  Probe  
  15  8:26  Probe  
  17  8:35  Probe  
  17  8:39  Probe  
  19  8:48  Probe  
  20  8:52  Probe  
  21  9:00  Probe  
  22  9:04  Probe  
  22  9:07  Gateway  
  23  9:10  Gateway  
  23  9:12  Probe  
  23  9:16  Probe  
  25  9:24  Probe  
  25  9:28  Probe  
  27  9:36  Probe  
  28  9:40  Robotics Facility, Probe  
  29  9:48  Probe  
  31  9:52  Probe  
  31  9:54  Gateway  
  31  10:00  Probe  
  31  10:04  Stalker, Probe  
  35  10:12  Probe  
  36  10:15  Assimilator  
  36  10:17  Probe  
  36  10:19  Assimilator  
  37  10:24  Probe  
  38  10:29  Probe  
  39  10:37  Probe  
  40  10:49  Probe x2  
  42  10:50  Nexus  
  42  10:53  Pylon  
  42  10:56  Pylon  
  42  11:01  Probe x2  
  44  11:13  Probe x2  
  47  11:25  Probe x2  
  47  11:31  Immortal  
  52  11:41  Probe x2  
  54  11:47  Stalker  
  54  11:50  Stalker x2  
  54  11:51  Stalker  
  54  11:53  Probe x2  
  64  11:59  Probe  
  64  12:01  Probe  
  64  12:02  Forge, Probe  
  64  12:04  Forge  
  64  12:07  Probe  
  67  12:15  Probe x2  
  68  12:17  Probe  
  68  12:22  Pylon  
  71  12:23  Stalker x3, Pylon  
  71  12:24  Stalker  
  79  12:32  Probe x3  
  82  12:38  Protoss Ground Weapons Level 1  
  82  12:39  Protoss Ground Armor Level 1, Assimilator  
  82  12:45  Probe  
  82  12:46  Probe x2  
  85  12:55  Forge  
  72  12:58  Twilight Council  
  72  12:59  Probe  
  72  13:00  Probe x2  
  72  13:02  Stalker x2  
  50  13:19  Stalker x2  
  53  13:56  Pylon  
  53  14:00  Probe x3  
  53  14:01  Pylon  
  56  14:09  Protoss Shields Level 1  
  56  14:12  Probe x3  
  59  14:17  Blink  
  59  14:23  Cybernetics Core  
  59  14:24  Pylon  
  59  14:27  Pylon  
  59  14:30  Pylon  
  59  14:36  Protoss Ground Weapons Level 2  
  59  14:37  Protoss Ground Armor Level 2  
  59  14:51  Probe x3  
  62  14:53  Gateway x2  
  62  14:56  Gateway  
  62  14:57  Gateway  
  62  15:00  Gateway  
  62  15:03  Stalker x3  
  62  15:06  Immortal  
  72  15:11  Probe x2  
  72  15:12  Probe  
  75  15:25  Nexus  
  75  15:26  Pylon  
  75  15:29  Pylon, Probe x2  
  75  15:30  Probe  
  78  15:45  Probe x2  
  78  15:46  Probe  
  81  15:57  Probe  
  81  15:58  Gateway, Probe x2  
  81  16:02  Gateway  
  81  16:03  Gateway  
  84  16:10  Protoss Air Weapons Level 1  
  84  16:19  Stargate  
  84  16:21  Stargate  
  84  16:22  Stargate  
  84  16:23  Probe x2, Stargate  
  86  16:31  Stalker x2, Assimilator  
  82  16:33  Assimilator  
  82  16:36  Stalker  
  82  16:38  Stalker  
  81  16:42  Stalker  
  81  16:46  Stalker  
  74  16:55  Stalker x2  
  36  18:03  Pylon  
  36  18:05  Phoenix, Nexus  
  36  18:06  Phoenix x2, Probe x2  
  36  18:07  Pylon  
  36  18:10  Phoenix  
  38  18:27  Probe x2  
  40  18:35  Phoenix  
  40  18:40  Probe  
  40  18:41  Probe  
  44  18:48  Phoenix  
  46  19:01  Probe  
  47  19:03  Probe  
  48  19:13  Probe  
  48  19:14  Protoss Air Armor Level 1  
  48  19:15  Probe  
  50  19:18  Probe  
  50  19:21  Phoenix  
  53  19:28  Probe x2  
  53  19:30  Probe  
  56  19:34  Phoenix  
  13  21:35  Protoss Ground Armor Level 3  
  13  22:14  Pylon  
  13  22:18  Pylon  
  13  22:20  Probe x2  
  13  22:21  Pylon  
  15  22:25  Pylon  
  15  22:27  Assimilator  
  15  22:30  Assimilator  
  15  22:32  Probe x2  
  17  22:42  Phoenix x2  
  21  22:51  Pylon, Probe x2  
  23  23:03  Probe x2  
  25  23:15  Probe x2  
  27  23:27  Probe x2  
  29  23:39  Probe x2  
  31  23:44  Immortal, Pylon  
  35  23:51  Probe  
  35  23:52  Probe  
  37  24:03  Probe  
  37  24:04  Probe  
  39  24:16  Stalker x2  
  43  24:17  Stalker  
  45  24:29  Stalker  
  45  24:30  Stalker  
  49  24:36  Sentry  
  49  24:37  Sentry  
  53  24:39  Probe  
  53  24:40  Probe  
  47  25:56  Probe x2  
  49  26:09  Nexus  
  49  26:16  Stalker x3, Pylon  
  55  26:25  Pylon  
  55  26:29  Nexus  
Tags
 
Add a new tag
Caveats
  • Supply blocks, unpowered buildings, or Contaminate may cause inaccurate times.
  • Supply counts are checked every 10 seconds.